 Dungeon Crawl Stone Soup version 0.28-a0-1435-g82390b3a13 (webtiles) character file.

Game seed: 14170832522614842453

7 hashsling the Sneak (level 2, 19/19 HPs)
             Began as a Gargoyle Delver on Jan 9, 2022.
             Quit the game on level 6 of the Dungeon.
             The game lasted 00:00:51 (172 turns).

hashsling the Sneak (Gargoyle Delver)                Turns: 172, Time: 00:00:52

Health: 19/19      AC:  5    Str: 15    XL:     2   Next: 4%
Magic:  2/2        EV: 11    Int: 10    God:
Gold:   0          SH:  0    Dex: 11    Spells: 1/1 levels left

rFire   . . .      SeeInvis .   a - +0 mace
rCold   . . .      Faith    .   (no shield)
rNeg    + . .      Spirit   .   b - +0 leather armour
rPois   ∞          Reflect  .   (no helmet)
rElec   +          Harm     .   (no cloak)
rCorr   .          Rampage  .   (no gloves)
Will    .....                   (no boots)
Stlth   +++.......              (no amulet)
HPRegen 0.06/turn               (no ring)
MPRegen 0.08/turn               (no ring)

@: no status effects
A: sickness immunity, AC +2, negative energy resistance 1, electricity
resistance, torment resistance 1, petrification resistance
a: no special abilities


You were on level 6 of the Dungeon.
You visited 1 branch of the dungeon, and saw 2 of its levels.

Inventory:

Hand Weapons
 a - a +0 mace (weapon)
Armour
 b - a +0 leather armour (worn)
Wands
 g - a wand of digging (3)
Scrolls
 c - a scroll of fog
 d - a scroll of magic mapping
 e - a scroll of fear
Potions
 f - a potion of haste


   Skills:
 + Level 3.4 Fighting
 + Level 2.1 Maces & Flails
 + Level 1.7 Dodging
 + Level 5.6 Stealth


You had one spell level left.
You didn't know any spells.
Your spell library was empty.

Dungeon Overview and Level Annotations

Branches:
Dungeon (6/15)
 Temple: D:4-7

Altars:

Shops:
D:5 *


Innate Abilities, Weirdness & Mutations

You are immune to sickness and miasma.
Your stone body is resilient. (AC +2)
You are immune to poison.
You resist negative energy. (rN+)
You are resistant to electric shocks. (rElec)
You are resistant to unholy torment.
You are immune to petrification.


Message History

You closely miss the shadow imp.
The shadow imp is moderately wounded.
The shadow imp closely misses you.
The shadow imp hits you but does no damage.
You closely miss the shadow imp.
The shadow imp is moderately wounded.
The shadow imp hits you.
You closely miss the shadow imp.
The shadow imp is moderately wounded.
The shadow imp completely misses you.
You closely miss the shadow imp.
The shadow imp is moderately wounded.
The shadow imp barely misses you. The shadow imp closely misses you.
You hit the shadow imp.
The shadow imp is almost dead.
The shadow imp hits you but does no damage.
You hit the shadow imp but do no damage.
The shadow imp is almost dead.
The shadow imp closely misses you.
You hit the shadow imp.
You kill the shadow imp!
You have reached level 2!
Found Gozag's Platinum Reserve.
Why would you want to do that? Why would you want to do that?
Why would you want to do that?
You hear the slow rusting of a distant drain.
Nothing quivered!
You hear the slow rusting of a very distant drain.
HP restored.
You hear the rusting of a very distant drain.
A scorpion is nearby!
Unknown command.
Unknown command.
There is a stone staircase leading down here.
You climb downwards.
You hear the hiss of flowing sand.
There is an entrance to an ossuary on this level.
Hurry and find it before the portal is buried!
There is a stone staircase leading up here.
Are you sure you want to abandon this character and quit the game? (Confirm with "yes".)

### #..
#.# #.#
#.. #.# .
#.###...#
#@.......
#.##.####
#.# #.#
#.. ###


There were no monsters in sight!

Vanquished Creatures
  A shadow imp (D:5)
1 creature vanquished.

Notes
Turn   | Place    | Note
-------+----------+-------------------------------------------
     0 | D:5      | hashsling the Gargoyle Delver began the quest for the Orb.
     0 | D:5      | Reached XP level 1. HP: 14/14 MP: 1/1
     4 | D:5      | Noticed a scorpion
    34 | D:5      | Reached XP level 2. HP: 12/19 MP: 2/2
    38 | D:5      | Found Gozag's Platinum Reserve.
   172 | D:6      | Quit the game

Illustrated notes

Levels and vault maps discovered:
D:5:      layout_loops_ring, nicolae_gozag_zags_fifth_avenue,
          portal_sewer_entry_c, lemuel_flame_loot_1, uniq_duvessa
D:6:      layout_loops_corners, minmay_temple_entry_trees,
          nicolae_ossuary_entry_giza

Action                   || total
-------------------------++-------
Melee: Mace              ||    10
 Stab: Sleeping          ||     1
Armor: Leather armour    ||     3
Dodge: Dodged            ||     6

Table legend: (Time is in decaauts)
 A = Elapsed time spent in this place.
 B = Non-inter-level travel time spent in this place.
 C = Inter-level travel time spent in this place.
 D = Time resting spent in this place.
 E = Time spent auto-exploring this place.
 F = Levels seen in this place.
 G = Mean time per level.
                   A        B        C        D        E       F      G
               +--------+--------+--------+--------+--------+-----+--------+
         Total |    174 |    174 |      0 |      0 |    103 |   2 |   87.0 |
       Dungeon |    174 |    174 |      0 |      0 |    103 |   2 |   87.0 |
               +--------+--------+--------+--------+--------+-----+--------+

Top non-repeatable levels by time:
     D:5: 174 daAuts
     D:6: 0 daAuts
